 Dungeon Crawl Stone Soup version 0.27-a0-1200-g94dc6ad4cf (console) character file.

Game seed: 12748099240306720870

22 Hector the Skirmisher (level 2, -2/24 HPs)
             Began as a Demonspawn Abyssal Knight on May 31, 2021.
             Was a Follower of Lugonu.
             Slain by an adder (3 damage)
             ... on level 2 of the Dungeon.
             The game lasted 00:02:36 (1363 turns).

Hector the Skirmisher (Demonspawn Abyssal Knight)   Turns: 1363, Time: 00:02:37

Health: -2/24      AC:  8    Str: 12    XL:     2   Next: 68%
Magic:  3/3        EV:  2    Int: 13    God:    Lugonu [*.....]
Gold:   45         SH:  6    Dex: 12    Spells: 1/1 levels left

rFire    . . .     SeeInvis .   a - +1 hand axe
rCold    . . .     Faith    .   i - +0 kite shield
rNeg     . . .     Spirit   .   j - +0 chain mail
rPois    .         Reflect  .   (no helmet)
rElec    .         Harm     .   (no cloak)
rCorr    .         Rampage  .   (no gloves)
Will     .....                  (no boots)
Stlth    ..........             (no amulet)
HPRegen  0.08/turn              (no ring)
MPRegen  0.08/turn              (no ring)

@: no status effects
A: powered by death 1
a: Renounce Religion, Depart the Abyss


You were on level 2 of the Dungeon.
You worshipped Lugonu.
Lugonu was aware of your devotion.
You visited 1 branch of the dungeon, and saw 2 of its levels.
You visited the Abyss 1 time.

You collected 45 gold pieces.

Inventory:

Hand Weapons
 a - a +1 hand axe (weapon)
Missiles
 e - 19 stones
Armour
 b - a +0 leather armour
 i - a +0 kite shield (worn)
 j - a +0 chain mail (worn)
Scrolls
 f - a scroll of noise {unknown}
Potions
 c - a potion of degeneration {unknown}
 d - a potion of curing {unknown}
 g - a potion of mutation {unknown}
 h - a potion of cancellation {unknown}
 k - a potion of brilliance {unknown}


   Skills:
 + Level 3.1 Fighting
 * Level 2.8 Axes
 + Level 1.7 Armour
 + Level 0.8 Dodging
 * Level 0.1 Shields
 - Level 2.4 Invocations


You had one spell level left.
You didn't know any spells.
Your spell library was empty.

Dungeon Overview and Level Annotations

Branches:
Dungeon (2/15)

Altars:

Annotations:
D:2 Natasha


Innate Abilities, Weirdness & Mutations

You regenerate a little health from kills.


Message History

You miss the adder.
The adder is almost dead.
The adder bites you but does no damage.
You hit the adder.
The adder is almost dead.
The adder bites you but does no damage. The adder barely misses you.
You barely miss the adder.
The adder is almost dead.
The adder bites you. You block the adder's attack.
Your chain mail prevents you from hitting the adder.
The adder is almost dead.
The adder bites you but does no damage. The adder bites you.
You are poisoned.
The adder poisons you!
You are too injured to fight recklessly!
You are too injured to fight recklessly!
You are too injured to fight recklessly!
You are too injured to fight recklessly!
You hit the adder but do no damage.
The adder is almost dead.
You feel very sick.
The adder bites you but does no damage. x2
You barely miss the adder.
The adder is almost dead.
You feel sick.
The adder bites you but does no damage. x2
You miss the adder.
The adder is almost dead.
You feel sick. You block the adder's attack. x2
Your chain mail prevents you from hitting the adder.
The adder is almost dead.
You feel sick. The adder bites you.
* * * LOW HITPOINT WARNING * * *
The adder bites you but does no damage.
You completely miss the adder.
The adder is almost dead.
* * * LOW HITPOINT WARNING * * *
You feel sick.
You are no longer poisoned.
The adder completely misses you. The adder bites you.
You die...

##### ....# ....#
....# ....######
####### ###......#
#.....#
###......###.###.#
..............##.#
###......###..##@#
# ######## #..##S#
...##.# ##.##.#
.##.# .##.# .##.#
#.#


You could see an adder.

Vanquished Creatures
  A ball python (D:1)
  2 endoplasms (D:1)
  2 giant cockroaches
  2 hobgoblins (D:1)
  3 kobolds
  2 quokkas
  2 bats (D:1)
  A frilled lizard (D:1)
  2 goblins (D:1)
  3 rats (D:1)
20 creatures vanquished.

Notes
Turn   | Place    | Note
-------+----------+-------------------------------------------
     0 | Abyss:1  | Hector the Demonspawn Abyssal Knight began the quest for
                  | the Orb.
     0 | Abyss:1  | Reached XP level 1. HP: 18/18 MP: 2/2
     9 | D:1      | Escaped the Abyss
   493 | D:1      | Gained mutation: You regenerate a little health from kills.
                  | [demonic ancestry]
   493 | D:1      | Reached XP level 2. HP: 19/24 MP: 3/3
  1153 | D:2      | Found a faded altar of an unknown god.
  1256 | D:2      | Noticed Natasha
  1258 | D:2      | Noticed a crimson imp
  1363 | D:2      | HP: 1/24 [poisoned by an adder]
  1363 | D:2      | Slain by an adder

Illustrated notes

Levels and vault maps discovered:
D:1:      dpeg_arrival_stone_temple_mockup, layout_basic
D:2:      layout_basic, basic_ecumenical_altar, st_stairs_2,
          uniq_crazy_yiuf_cottage, uniq_natasha

Skill      XL: |  1 |
---------------+----+-----
Axes           | 2 |  2.8
Fighting       | |  3.1
Armour         | |  1.7
Dodging        | |  0.8
Shields        | |  0.1
Invocations    | |  2.4

Action                   || total
-------------------------++-------
Melee: Hand axe          ||    76
Armor: Leather armour    ||    20
       Chain mail        ||    39
Dodge: Dodged            ||    21
Block: Kite shield       ||    13

Table legend: (Time is in decaauts)
 A = Elapsed time spent in this place.
 B = Non-inter-level travel time spent in this place.
 C = Inter-level travel time spent in this place.
 D = Time resting spent in this place.
 E = Time spent auto-exploring this place.
 F = Levels seen in this place.
 G = Mean time per level.
                   A        B        C        D        E       F      G
               +--------+--------+--------+--------+--------+-----+--------+
         Total |   1388 |   1282 |    106 |      0 |   1024 |   3 |  462.7 |
       Dungeon |   1379 |   1273 |    106 |      0 |   1020 |   2 |  689.5 |
         Abyss |      9 |      9 |      0 |      0 |      4 |   1 |    9.0 |
               +--------+--------+--------+--------+--------+-----+--------+

Top non-repeatable levels by time:
     D:1: 1251 daAuts
     D:2: 127 daAuts
 Abyss:1: 9 daAuts
